AoeStats
← jcmanriqe

Arabia

510128509Analyzed
2v2 RM · 4d ago on Sep 29, 2026· 16m 8s· 4 players
Game mode
Random Map
Map size
Medium (4 player)
Population
200
Speed
Normal
Resources
Standard
Victory
Conquest
Starting age
Dark Age
Ending age
Imperial Age
RankedLock teamsTeams togetherTeam positionsShared explorationLock speedFull tech treeHidden civsTurbo modeCheats
Victory
Defeat
🇪🇸 Burgundians · Spain
673
+16
🇪🇸 Mongols · Spain
635
+17
🇦🇷 Bulgarians · Argentina
715
-18
🇮🇹 Franks · Italy
619
-15
filx3000p
0:33 Loom
9:14 Wheelbarrow
12:12 Feudal Age
10:52 Double-Bit Axe
13:17 Gold Mining
jcmanriqe
0:35 Loom
11:21 Feudal Age
11:50 Double-Bit Axe
12:42 Wheelbarrow
12:55 Town Watch
13:09 Gold Mining
vasia003
0:30 Loom
goPales
10:39 Feudal Age
11:10 Loom
13:46 Forging
Connection lost

Rejoining the realm…

Still unreachable

The connection could not be restored.

Session expired

The server has moved on; the page needs a fresh start.